Panthers vs Avalanche (R1)

Created - December 12, 2018 at 21:55

Goals
1 2 3 T
Panthers 1 5 1 7
Avalanche 2 1 0 3
Shots
1 2 3 T
Panthers 9 11 1 21
Avalanche 16 17 7 40

1st period

1. Avalanche , Bryan Little 13 (Jay Bouwmeester 7, Mikkel Boedker 22) at 8:00 (PP)
2. Avalanche , Paul Stastny 8 (Andrei Kostitsyn 14) at 12:55
3. Panthers , Brayden Schenn 7 (Tomas Kopecky 12, Mike Komisarek 6) at 18:23 (PP)

Penalties :
Erik Christensen (Flo) for Hooking (Minor) at 7:45, Erik Gudbranson (Flo) for High sticking (Minor) at 8:05, Radko Gudas (Flo) for Roughing (Minor) at 10:51, Semyon Varlamov (Col) for Slashing (Double Minor) at 15:57 - Johnny Boychuk served the penalty, Daniel Sedin (Flo) for Cross-checking (Minor) at 18:28

2nd period

4. Panthers , Drew Stafford 8 (Daniel Sedin 5, Jean-Gabriel Pageau 7) at 1:45 (PP)
5. Panthers , Erik Gudbranson 2 (Jean-Gabriel Pageau 8, Kyle Clifford 14) at 9:32
6. Panthers , Daniel Sedin 3 (Drew Stafford 4, Jean-Gabriel Pageau 9) at 10:13
7. Avalanche , Mikkel Boedker 16 (Jack Johnson 15, Pernell Karl Subban 6) at 11:54
8. Panthers , Eric Wellwood 2 (Radko Gudas 3) at 13:19
9. Panthers , Drew Stafford 9 (Matthew Spiller 8, Jean-Gabriel Pageau 10) at 16:37 (PP)

Penalties :
Greg Campbell (Col) for Goalie Interference (Minor) at 1:04, Radko Gudas (Flo) for Hooking (Minor) at 7:01, Greg Campbell (Col) for Unsportsmanlike conduct (Minor) at 16:02, Patrick Eaves (Flo) for Holding Stick (Minor) at 18:16

3rd period

10. Panthers , Mike Komisarek 1 (Erik Christensen 5) at 3:12

Penalties :
Tomas Kopecky (Flo) for High sticking (Minor) at 3:19, Brandon Yip (Col) for Interference (Minor) at 10:04, Brayden Schenn (Flo) for Roughing (Minor) at 19:55

Goalie Stats

Antti Niemi (Flo), 37 saves from 40 shots - (0.925), W, 7-6-6, 60:00 minutes
Semyon Varlamov (Col), 11 saves from 15 shots - (0.733), L, 7-9-1, 30:13 minutes
Roberto Luongo (Col), 3 saves from 6 shots - (0.500), 29:47 minutes

Players Stats for Panthers

Player Name              G  A  P  +/- PIM S  H  SB GA TA FO     MP     PP MP  PK MP  
------------------------------------------------------------------------------------
Alex Galchenyuk          0  0  0   0  0   0  0  0  0  0  0/0    10:12   0:06   1:00 
Alexander Perezhogin     0  0  0   1  0   0  2  0  0  0  2/3     9:54   0:00   1:21 
Brayden Schenn           1  0  1  -1  2   1  2  0  0  0  16/30  16:43   3:29   0:00 
Daniel Sedin             1  1  2   1  2   2  0  1  0  0  0/0    13:10   2:06   0:00 
Drew Stafford            2  1  3   1  0   4  0  1  0  2  1/2    20:48   2:06   7:40 
Eric Wellwood            1  0  1   2  0   2  0  0  0  0  0/0     8:14   0:00   0:00 
Erik Christensen         0  1  1   1  2   0  4  0  0  1  1/13   16:34   0:06   7:25 
Erik Gudbranson          1  0  1   1  2   3  1  2  1  0  0/0    27:16   1:02   6:44 
Jean-Gabriel Pageau      0  4  4   1  0   1  2  1  1  0  3/6    17:18   2:06   3:30 
Jonathan Matsumoto       0  0  0   2  0   0  0  0  0  0  0/2     8:11   0:00   0:00 
Jonathan Sigalet         0  0  0  -1  0   2  0  1  0  1  0/0    21:57   4:04   4:44 
Kyle Clifford            0  1  1  -1  0   3  0  0  0  0  0/2    21:00   3:29   3:30 
Matthew Spiller          0  1  1   1  0   0  1  0  2  4  0/0    28:47   1:02   7:58 
Mike Komisarek           1  1  2  -1  0   3  2  2  0  0  0/0    20:56   4:04   4:15 
Mike Weber               0  0  0   2  0   0  1  1  0  0  0/0     9:45   0:35   0:00 
Patrick Eaves            0  0  0   1  2   0  1  0  0  0  0/0     8:54   0:06   0:00 
Radko Gudas              0  1  1   1  4   0  0  1  0  2  0/0    11:07   0:35   0:45 
Tomas Kopecky            0  1  1  -1  2   0  0  2  1  0  1/1    16:53   3:29   0:00 

Players Stats for Avalanche

Player Name              G  A  P  +/- PIM S  H  SB GA TA FO     MP     PP MP  PK MP  
------------------------------------------------------------------------------------
Alexander Radulov        0  0  0  -2  0   0  5  0  2  0  0/0    16:10   4:22   0:00 
Andrei Kostitsyn         0  1  1  -2  0   3  1  0  2  0  1/1    17:08   4:22   1:04 
Andrew Ladd              0  0  0   0  0   4  3  2  0  1  1/1    12:54   0:00   1:20 
Brandon Yip              0  0  0   0  2   3  4  0  0  0  0/0    12:12   0:00   0:45 
Bryan Little             1  0  1   1  0   6  0  0  1  0  17/31  21:48   7:51   0:00 
Chuck Kobasew            0  0  0  -1  0   1  0  0  0  0  0/0     8:17   0:00   3:24 
Dan Boyle                0  0  0   1  0   1  1  0  0  0  0/0    13:11   0:00   1:12 
Dominic Moore            0  0  0  -1  0   0  0  0  0  0  4/6     8:17   0:00   3:24 
Greg Campbell            0  0  0   0  4   1  2  0  0  0  4/6    12:30   0:00   1:18 
Jack Johnson             0  1  1   1  0   3  1  3  0  2  0/0    26:39   7:31   2:00 
Jay Bouwmeester          0  1  1  -3  0   2  0  0  0  0  0/0    23:22   7:31   1:58 
Johnny Boychuk           0  0  0   1  0   0  1  1  0  1  0/0    13:32   0:00   1:12 
Marc Staal               0  0  0  -4  0   2  1  3  1  0  0/0    20:19   4:42   3:11 
Mikkel Boedker           1  1  2   1  0   4  1  2  3  0  0/2    21:48   7:51   0:00 
Patric Hornqvist         0  0  0   1  0   4  3  0  0  0  2/2    21:48   7:51   0:00 
Paul Stastny             1  0  1  -2  0   5  0  0  1  0  5/9    16:31   4:22   0:07 
Pernell Karl Subban      0  1  1   0  0   1  1  1  0  1  0/0    22:57   4:42   1:49 
Zach Boychuk             0  0  0  -1  0   0  0  0  0  0  1/1     4:53   0:00   0:00 

3 Stars

1 - Drew Stafford (Flo)
2 - Jean-Gabriel Pageau (Flo)
3 - Mike Komisarek (Flo)

Power Play

Panthers - 3 on 4 Attempt(s) - 75.00%
Avalanche - 1 on 8 Attempt(s) - 12.50%

Penalty Kill

Panthers - 7 on 8 Attempt(s) - 87.50% - Score 0 goal in Penalty Kill
Avalanche - 1 on 4 Attempt(s) - 25.00% - Score 0 goal in Penalty Kill

Team Stat

Panthers - Hits : 16 - Faceoff Wins : 24 - Blocked Shots : 12 - Penalty Minutes : 16
Avalanche - Hits : 24 - Faceoff Wins : 35 - Blocked Shots : 12 - Penalty Minutes : 10

Official

Referees : Unknown
Linesman : Unknown

Game Notes

Roberto Luongo enters game at 10:13 of 2nd period

Finance

Level 1 -- Attendance: 5589 (93.15%) -- Ticket Income $497,421
Level 2 -- Attendance: 4719 (94.38%) -- Ticket Income $259,545
Level 3 -- Attendance: 1928 (96.40%) -- Ticket Income $63,624
Level 4 -- Attendance: 3688 (92.20%) -- Ticket Income $84,824
Luxury Box -- Attendance: 702 (70.20%) -- Ticket Income $120,744
Game was played at the Pepsi Center.
Total Attendance: 16626 (92.37%)
Total Ticket Income: $1,026,158
Other Income: $153,924
Total Income: $1,180,082

Panthers

5 vs 5 Forward 
   Center                   Left Wing                Right Wing               Time % Phy DF OF 
 1 Brayden Schenn           Kyle Clifford            Tomas Kopecky            40     1   2  2  
 2 Jean-Gabriel Pageau      Daniel Sedin             Drew Stafford            30     1   2  2  
 3 Erik Christensen         Alex Galchenyuk          Patrick Eaves            20     1   2  2  
 4 Jonathan Matsumoto       Eric Wellwood            Alexander Perezhogin     10     1   2  2  

5 vs 5 Defense 
   Defense                  Defense                                           Time % Phy DF OF 
 1 Erik Gudbranson          Matthew Spiller                                   40     1   2  2  
 2 Jonathan Sigalet         Mike Komisarek                                    30     1   2  2  
 3 Mike Weber               Radko Gudas                                       20     1   2  2  
 4 Erik Gudbranson          Matthew Spiller                                   10     1   2  2  

PowerPlay Forward 
   Center                   Left Wing                Right Wing               Time % Phy DF OF 
 1 Brayden Schenn           Kyle Clifford            Tomas Kopecky            60     1   2  2  
 2 Jean-Gabriel Pageau      Daniel Sedin             Drew Stafford            40     1   2  2  

PowerPlay Defense
   Defense                  Defense                                           Time % Phy DF OF 
 1 Erik Gudbranson          Matthew Spiller                                   60     1   2  2  
 2 Jonathan Sigalet         Mike Komisarek                                    40     1   2  2  

Penalty Kill 4 Players Forward 
   Center                   Wing                     Time % Phy DF OF 
 1 Erik Christensen         Drew Stafford            60     1   2  2  
 2 Jean-Gabriel Pageau      Kyle Clifford            40     1   2  2  

Penalty Kill 4 Players Defense
   Defense                  Defense                  Time % Phy DF OF 
 1 Erik Gudbranson          Matthew Spiller          60     1   2  2  
 2 Jonathan Sigalet         Mike Komisarek           40     1   2  2  

Penalty Kill - 3 Players Forward 
   Forward                                           Time % Phy DF OF 
 1 Erik Christensen                                  60     1   2  2  
 2 Drew Stafford                                     40     1   2  2  

Penalty Kill - 3 Players Defense
   Defense                  Defense                  Time % Phy DF OF 
 1 Erik Gudbranson          Matthew Spiller          60     1   2  2  
 2 Jonathan Sigalet         Mike Komisarek           40     1   2  2  

4 vs 4 Forward 
   Center                   Wing                     Time % Phy DF OF 
 1 Brayden Schenn           Kyle Clifford            60     1   2  2  
 2 Jean-Gabriel Pageau      Daniel Sedin             40     1   2  2  

4 vs 4 Defense
   Defense                  Defense                  Time % Phy DF OF 
 1 Erik Gudbranson          Matthew Spiller          60     1   2  2  
 2 Jonathan Sigalet         Mike Komisarek           40     1   2  2  

Last Minutes Offensive
   Center                   Left Wing                Right Wing               Defense                  Defense                  
   Brayden Schenn           Kyle Clifford            Drew Stafford            Erik Gudbranson          Jonathan Sigalet         

Last Minutes Defensive
   Center                   Left Wing                Right Wing               Defense                  Defense                  
   Brayden Schenn           Kyle Clifford            Drew Stafford            Erik Gudbranson          Jonathan Sigalet         

Goaltenders
Starting : Antti Niemi              
Backup : Petr Mrazek              

Extra Forwards
Normal : Jean-Gabriel Pageau, Brayden Schenn, Alex Galchenyuk - PP : Eric Wellwood, Kyle Clifford - PK : Alexander Perezhogin
Extra Defensemen
Normal : Jonathan Sigalet, Erik Gudbranson, Radko Gudas - PP : Mike Weber - PK : Jonathan Sigalet, Erik Gudbranson
Penalty Shots
Alex Galchenyuk, Daniel Sedin, Drew Stafford, Erik Christensen, Kyle Clifford

Scratches
Nigel Dawes (Healthy), William Colbert (Healthy)

Avalanche

5 vs 5 Forward 
   Center                   Left Wing                Right Wing               Time % Phy DF OF 
 1 Bryan Little             Mikkel Boedker           Patric Hornqvist         35     1   2  2  
 2 Paul Stastny             Andrei Kostitsyn         Alexander Radulov        30     1   2  2  
 3 Greg Campbell            Andrew Ladd              Brandon Yip              25     1   2  2  
 4 Dominic Moore            Zach Boychuk             Chuck Kobasew            10     1   2  2  

5 vs 5 Defense 
   Defense                  Defense                                           Time % Phy DF OF 
 1 Pernell Karl Subban      Jack Johnson                                      40     1   2  2  
 2 Jay Bouwmeester          Marc Staal                                        35     1   2  2  
 3 Johnny Boychuk           Dan Boyle                                         25     1   2  2  
 4 Marc Staal               Jack Johnson                                      0      1   2  2  

PowerPlay Forward 
   Center                   Left Wing                Right Wing               Time % Phy DF OF 
 1 Bryan Little             Mikkel Boedker           Patric Hornqvist         60     1   2  2  
 2 Paul Stastny             Andrei Kostitsyn         Alexander Radulov        40     1   2  2  

PowerPlay Defense
   Defense                  Defense                                           Time % Phy DF OF 
 1 Jay Bouwmeester          Jack Johnson                                      60     1   2  2  
 2 Pernell Karl Subban      Marc Staal                                        40     1   2  2  

Penalty Kill 4 Players Forward 
   Center                   Wing                     Time % Phy DF OF 
 1 Dominic Moore            Chuck Kobasew            60     1   2  2  
 2 Andrew Ladd              Brandon Yip              40     1   2  2  

Penalty Kill 4 Players Defense
   Defense                  Defense                  Time % Phy DF OF 
 1 Marc Staal               Pernell Karl Subban      60     1   2  2  
 2 Jack Johnson             Johnny Boychuk           40     1   2  2  

Penalty Kill - 3 Players Forward 
   Forward                                           Time % Phy DF OF 
 1 Chuck Kobasew                                     60     1   2  2  
 2 Andrew Ladd                                       40     1   2  2  

Penalty Kill - 3 Players Defense
   Defense                  Defense                  Time % Phy DF OF 
 1 Marc Staal               Jack Johnson             60     1   2  2  
 2 Pernell Karl Subban      Johnny Boychuk           40     1   2  2  

4 vs 4 Forward 
   Center                   Wing                     Time % Phy DF OF 
 1 Patric Hornqvist         Mikkel Boedker           60     1   2  2  
 2 Bryan Little             Andrei Kostitsyn         40     1   2  2  

4 vs 4 Defense
   Defense                  Defense                  Time % Phy DF OF 
 1 Marc Staal               Jack Johnson             60     1   2  2  
 2 Pernell Karl Subban      Johnny Boychuk           40     1   2  2  

Last Minutes Offensive
   Center                   Left Wing                Right Wing               Defense                  Defense                  
   Bryan Little             Mikkel Boedker           Patric Hornqvist         Marc Staal               Jack Johnson             

Last Minutes Defensive
   Center                   Left Wing                Right Wing               Defense                  Defense                  
   Bryan Little             Andrew Ladd              Chuck Kobasew            Marc Staal               Jack Johnson             

Goaltenders
Starting : Semyon Varlamov          
Backup : Roberto Luongo           

Extra Forwards
Normal : Andrew Ladd, Alexander Radulov, Greg Campbell - PP : Andrew Ladd, Alexander Radulov - PK : Greg Campbell
Extra Defensemen
Normal : Jay Bouwmeester, Dan Boyle, Pernell Karl Subban - PP : Jay Bouwmeester - PK : Jay Bouwmeester, Pernell Karl Subban
Penalty Shots
Mikkel Boedker, Patric Hornqvist, Paul Stastny, Bryan Little, Andrei Kostitsyn

Scratches
None


% Time on Ice - Panthers

Lines # - Real PCT - Wanted PCT - Time Play
Normal Forward
1 - 34% - 40% - 14:25
2 - 26% - 30% - 11:07
3 - 20% - 20% - 8:31
4 - 19% - 10% - 8:03
Normal Defense
1 - 45% - 40% - 18:50
2 - 31% - 30% - 13:11
3 - 21% - 20% - 8:59
4 - 3% - 10% - 1:06
PP Forward
1 - 63% - 60% - 3:35
2 - 37% - 40% - 2:06
PP Defense
1 - 28% - 60% - 1:37
2 - 72% - 40% - 4:04
PK Forward
1 - 71% - 60% - 8:43
2 - 29% - 40% - 3:30
PK Defense
1 - 71% - 60% - 8:43
2 - 29% - 40% - 3:30
PK3 Forward
1 - 0% - 60%
2 - 0% - 40%
PK3 Defense
1 - 0% - 60%
2 - 0% - 40%
44 Forward
1 - 0% - 60%
2 - 0% - 40%
44 Defense
1 - 0% - 60%
2 - 0% - 40%
Last Minute Offensive  - 0:00
Last Minute Defensive  - 0:00
Total
Forward - 60:00
Defense - 60:00

% Time on Ice - Avalanche

Lines # - Real PCT - Wanted PCT - Time Play
Normal Forward
1 - 34% - 35% - 14:11
2 - 28% - 30% - 11:48
3 - 27% - 25% - 11:14
4 - 12% - 10% - 4:53
Normal Defense
1 - 40% - 40% - 16:47
2 - 32% - 35% - 13:20
3 - 28% - 25% - 11:59
4 - 0% - 0% - 0:00
PP Forward
1 - 64% - 60% - 7:51
2 - 36% - 40% - 4:22
PP Defense
1 - 62% - 60% - 7:31
2 - 38% - 40% - 4:42
PK Forward
1 - 77% - 60% - 4:21
2 - 23% - 40% - 1:20
PK Defense
1 - 56% - 60% - 3:11
2 - 44% - 40% - 2:30
PK3 Forward
1 - 0% - 60%
2 - 0% - 40%
PK3 Defense
1 - 0% - 60%
2 - 0% - 40%
44 Forward
1 - 0% - 60%
2 - 0% - 40%
44 Defense
1 - 0% - 60%
2 - 0% - 40%
Last Minute Offensive  - 0:00
Last Minute Defensive  - 0:00
Total
Forward - 60:00
Defense - 60:00

Play by Play

1st period


0:01 of 1st period - Brayden Schenn wins face-off versus Bryan Little in neutral zone.
0:26 of 1st period - Jean-Gabriel Pageau is hit by Alexander Radulov and loses puck.
0:35 of 1st period - Snap shot by Andrei Kostitsyn.
0:35 of 1st period - Shot Blocked by Drew Stafford.
1:09 of 1st period - Slapshot by Eric Wellwood.
1:09 of 1st period - Shot Misses the Net.
1:13 of 1st period - Snap shot by Eric Wellwood.
1:13 of 1st period - Shot Misses the Net.
1:15 of 1st period - Wrist shot by Jonathan Sigalet.
1:15 of 1st period - Stopped by Semyon Varlamov with a rebound.
1:27 of 1st period - Wrist shot by Patric Hornqvist.
1:27 of 1st period - Shot Misses the Net.
1:33 of 1st period - Wrist shot by Mikkel Boedker.
1:33 of 1st period - Stopped by Antti Niemi without a rebound.
1:34 of 1st period - Jean-Gabriel Pageau wins face-off versus Paul Stastny in Panthers zone.
1:51 of 1st period - Wrist shot by Alexander Radulov.
1:51 of 1st period - Deflect By Andrei Kostitsyn.
1:51 of 1st period - Stopped by Antti Niemi with a rebound.
2:09 of 1st period - Slapshot by Jack Johnson.
2:09 of 1st period - Stopped by Antti Niemi with a rebound.
2:27 of 1st period - Slapshot by Brayden Schenn.
2:27 of 1st period - Shot Misses the Net.
3:15 of 1st period - Snap shot by Bryan Little.
3:15 of 1st period - Stopped by Antti Niemi with a rebound.
3:17 of 1st period - Slapshot by Bryan Little.
3:17 of 1st period - Shot Misses the Net.
3:19 of 1st period - Snap shot by Jack Johnson.
3:19 of 1st period - Stopped by Antti Niemi without a rebound.
3:20 of 1st period - Paul Stastny wins face-off versus Brayden Schenn in Panthers zone.
3:47 of 1st period - Andrew Ladd is hit by Erik Christensen and loses puck.
4:20 of 1st period - Snap shot by Daniel Sedin.
4:20 of 1st period - Shot Misses the Net.
4:30 of 1st period - Slapshot by Johnny Boychuk.
4:30 of 1st period - Shot Blocked by Mike Weber.
4:57 of 1st period - Brayden Schenn is hit by Marc Staal and loses puck.
5:10 of 1st period - Backhand shot by Jay Bouwmeester.
5:10 of 1st period - Deflect By Mike Komisarek.
5:10 of 1st period - Stopped by Antti Niemi with a rebound.
5:12 of 1st period - Slapshot by Andrew Ladd.
5:12 of 1st period - Shot Misses the Net.
5:14 of 1st period - Slapshot by Pernell Karl Subban.
5:14 of 1st period - Stopped by Antti Niemi without a rebound.
5:15 of 1st period - Greg Campbell wins face-off versus Erik Christensen in Panthers zone.
5:39 of 1st period - Alex Galchenyuk is hit by Pernell Karl Subban and loses puck.
5:48 of 1st period - Snap shot by Andrew Ladd.
5:48 of 1st period - Stopped by Antti Niemi without a rebound.
5:49 of 1st period - Bryan Little wins face-off versus Brayden Schenn in Panthers zone.
6:52 of 1st period - Slapshot by Erik Gudbranson.
6:52 of 1st period - Stopped by Semyon Varlamov without a rebound.
6:53 of 1st period - Brayden Schenn wins face-off versus Bryan Little in Avalanche zone.
6:54 of 1st period - Snap shot by Kyle Clifford.
6:54 of 1st period - Stopped by Semyon Varlamov without a rebound.
6:55 of 1st period - Brayden Schenn wins face-off versus Bryan Little in Avalanche zone.
7:40 of 1st period - Wrist shot by Brandon Yip.
7:40 of 1st period - Stopped by Antti Niemi without a rebound.
7:41 of 1st period - Andrew Ladd wins face-off versus Erik Christensen in Panthers zone.
7:45 of 1st period - Minor Penalty to Erik Christensen for Hooking.
7:46 of 1st period - Alexander Perezhogin wins face-off versus Bryan Little in Panthers zone.
8:00 of 1st period - Slapshot by Bryan Little.
8:00 of 1st period - Goal by Bryan Little - Panthers : 0 - Avalanche : 1.
8:01 of 1st period - Bryan Little wins face-off versus Brayden Schenn in neutral zone.
8:05 of 1st period - Minor Penalty to Erik Gudbranson for High sticking.
8:06 of 1st period - Bryan Little wins face-off versus Erik Christensen in Panthers zone.
8:31 of 1st period - Jonathan Sigalet is hit by Alexander Radulov.
8:41 of 1st period - Jean-Gabriel Pageau is hit by Patric Hornqvist and loses puck.
9:13 of 1st period - Off-side.
9:14 of 1st period - Bryan Little wins face-off versus Jean-Gabriel Pageau in neutral zone.
10:05 of 1st period - Penalty to Erik Gudbranson is over, Erik Gudbranson is back on ice.
10:39 of 1st period - Slapshot by Jonathan Matsumoto.
10:39 of 1st period - Shot Misses the Net.
10:44 of 1st period - Jay Bouwmeester is hit by Mike Weber and loses puck.
10:51 of 1st period - Minor Penalty to Radko Gudas for Roughing.
10:52 of 1st period - Patric Hornqvist wins face-off versus Erik Christensen in Panthers zone.
11:07 of 1st period - Slapshot by Bryan Little.
11:07 of 1st period - Stopped by Antti Niemi with a rebound.
11:09 of 1st period - Snap shot by Patric Hornqvist.
11:09 of 1st period - Stopped by Antti Niemi without a rebound.
11:10 of 1st period - Paul Stastny wins face-off versus Erik Christensen in Panthers zone.
11:49 of 1st period - Wrist shot by Patric Hornqvist.
11:49 of 1st period - Stopped by Antti Niemi with a rebound.
12:51 of 1st period - Penalty to Radko Gudas is over, Radko Gudas is back on ice.
12:53 of 1st period - Icing by Alexander Perezhogin.
12:54 of 1st period - Andrei Kostitsyn wins face-off versus Alexander Perezhogin in Panthers zone.
12:55 of 1st period - Wrist shot by Paul Stastny.
12:55 of 1st period - Goal by Paul Stastny - Panthers : 0 - Avalanche : 2.
12:56 of 1st period - Bryan Little wins face-off versus Kyle Clifford in neutral zone.
13:07 of 1st period - Wrist shot by Bryan Little.
13:07 of 1st period - Shot Misses the Net.
13:59 of 1st period - Snap shot by Zach Boychuk.
13:59 of 1st period - Shot Blocked by Jonathan Sigalet.
14:22 of 1st period - Slapshot by Mikkel Boedker.
14:22 of 1st period - Shot Misses the Net.
14:33 of 1st period - Off-side.
14:34 of 1st period - Paul Stastny wins face-off versus Jonathan Matsumoto in neutral zone.
14:41 of 1st period - Eric Wellwood is hit by Alexander Radulov and loses puck.
14:47 of 1st period - Off-side.
14:48 of 1st period - Brayden Schenn wins face-off versus Bryan Little in neutral zone.
14:55 of 1st period - Snap shot by Patric Hornqvist.
14:55 of 1st period - Shot Blocked by Tomas Kopecky.
14:57 of 1st period - Slapshot by Bryan Little.
14:57 of 1st period - Shot Misses the Net.
15:01 of 1st period - Wrist shot by Mikkel Boedker.
15:01 of 1st period - Shot Blocked by Erik Gudbranson.
15:03 of 1st period - Slapshot by Dan Boyle.
15:03 of 1st period - Stopped by Antti Niemi with a rebound.
15:05 of 1st period - Snap shot by Bryan Little.
15:05 of 1st period - Shot Misses the Net.
15:20 of 1st period - Snap shot by Drew Stafford.
15:20 of 1st period - Stopped by Semyon Varlamov without a rebound.
15:21 of 1st period - Paul Stastny wins face-off versus Jean-Gabriel Pageau in Avalanche zone.
15:21 of 1st period - Paul Stastny is hit by Jean-Gabriel Pageau.
15:35 of 1st period - Snap shot by Paul Stastny.
15:35 of 1st period - Stopped by Antti Niemi with a rebound.
15:47 of 1st period - Wrist shot by Kyle Clifford.
15:47 of 1st period - Shot Blocked by Jack Johnson.
15:49 of 1st period - Snap shot by Mike Komisarek.
15:49 of 1st period - Stopped by Semyon Varlamov with a rebound.
15:51 of 1st period - Wrist shot by Mike Komisarek.
15:51 of 1st period - Stopped by Semyon Varlamov with a rebound.
15:53 of 1st period - Snap shot by Tomas Kopecky.
15:53 of 1st period - Deflect By Kyle Clifford.
15:53 of 1st period - Stopped by Semyon Varlamov with a rebound.
15:55 of 1st period - Slapshot by Mike Komisarek.
15:55 of 1st period - Deflect By Tomas Kopecky.
15:55 of 1st period - Shot Blocked by Pernell Karl Subban.
15:55 of 1st period - Puck is out of play.
15:56 of 1st period - Brayden Schenn wins face-off versus Greg Campbell in Avalanche zone.
15:57 of 1st period - Snap shot by Kyle Clifford.
15:57 of 1st period - Stopped by Semyon Varlamov without a rebound.
15:57 of 1st period - Double Minor Penalty to Semyon Varlamov for Slashing.
15:58 of 1st period - Brayden Schenn wins face-off versus Dominic Moore in Avalanche zone.
17:33 of 1st period - Icing by Mike Komisarek.
17:34 of 1st period - Tomas Kopecky wins face-off versus Greg Campbell in Panthers zone.
17:59 of 1st period - Mike Komisarek is hit by Brandon Yip.
18:23 of 1st period - Wrist shot by Brayden Schenn.
18:23 of 1st period - Goal by Brayden Schenn - Panthers : 1 - Avalanche : 2.
18:24 of 1st period - Bryan Little wins face-off versus Drew Stafford in neutral zone.
18:28 of 1st period - Minor Penalty to Daniel Sedin for Cross-checking.
18:29 of 1st period - Bryan Little wins face-off versus Erik Christensen in Panthers zone.
Goals for this period are 1 for Panthers vs 2 for Avalanche.
Shots for this period are 9 for Panthers vs 16 for Avalanche.

2nd period


0:01 of 2nd period - Drew Stafford wins face-off versus Bryan Little in neutral zone.
0:04 of 2nd period - Patric Hornqvist is hit by Erik Christensen and loses puck.
0:28 of 2nd period - Penalty to Daniel Sedin is over, Daniel Sedin is back on ice.
0:52 of 2nd period - Slapshot by Matthew Spiller.
0:52 of 2nd period - Shot Blocked by Andrew Ladd.
1:02 of 2nd period - Wrist shot by Jonathan Matsumoto.
1:02 of 2nd period - Shot Blocked by Andrew Ladd.
1:04 of 2nd period - Minor Penalty to Greg Campbell for Goalie Interference.
1:05 of 2nd period - Dominic Moore wins face-off versus Brayden Schenn in Avalanche zone.
1:11 of 2nd period - Icing by Brayden Schenn.
1:12 of 2nd period - Dominic Moore wins face-off versus Kyle Clifford in Panthers zone.
1:13 of 2nd period - Slapshot by Marc Staal.
1:13 of 2nd period - Shot Blocked by Mike Komisarek.
1:25 of 2nd period - Snap shot by Brayden Schenn.
1:25 of 2nd period - Shot Blocked by Marc Staal.
1:27 of 2nd period - Snap shot by Tomas Kopecky.
1:27 of 2nd period - Shot Blocked by Marc Staal.
1:45 of 2nd period - Wrist shot by Drew Stafford.
1:45 of 2nd period - Goal by Drew Stafford - Panthers : 2 - Avalanche : 2.
1:46 of 2nd period - Brayden Schenn wins face-off versus Bryan Little in neutral zone.
1:49 of 2nd period - Slapshot by Erik Gudbranson.
1:49 of 2nd period - Stopped by Semyon Varlamov without a rebound.
1:50 of 2nd period - Brayden Schenn wins face-off versus Mikkel Boedker in Avalanche zone.
2:17 of 2nd period - Andrei Kostitsyn is hit by Erik Gudbranson and loses puck.
2:49 of 2nd period - Wrist shot by Chuck Kobasew.
2:49 of 2nd period - Stopped by Antti Niemi with a rebound.
2:51 of 2nd period - Slapshot by Chuck Kobasew.
2:51 of 2nd period - Shot Misses the Net.
2:53 of 2nd period - Slapshot by Jay Bouwmeester.
2:53 of 2nd period - Stopped by Antti Niemi with a rebound.
3:09 of 2nd period - Slapshot by Erik Gudbranson.
3:09 of 2nd period - Shot Blocked by Marc Staal.
3:15 of 2nd period - Erik Gudbranson is hit by Andrew Ladd and loses puck.
3:34 of 2nd period - Snap shot by Bryan Little.
3:34 of 2nd period - Shot Blocked by Erik Gudbranson.
3:46 of 2nd period - Matthew Spiller is hit by Dan Boyle and loses puck.
4:25 of 2nd period - Snap shot by Brandon Yip.
4:25 of 2nd period - Stopped by Antti Niemi with a rebound.
4:44 of 2nd period - Patric Hornqvist is hit by Mike Komisarek and loses puck.
4:53 of 2nd period - Snap shot by Patric Hornqvist.
4:53 of 2nd period - Shot Blocked by Mike Komisarek.
5:24 of 2nd period - Slapshot by Jonathan Sigalet.
5:24 of 2nd period - Stopped by Semyon Varlamov with a rebound.
5:30 of 2nd period - Alexander Perezhogin is hit by Alexander Radulov and loses puck.
5:35 of 2nd period - Snap shot by Andrei Kostitsyn.
5:35 of 2nd period - Stopped by Antti Niemi with a rebound.
6:24 of 2nd period - Icing by Patric Hornqvist.
6:25 of 2nd period - Dominic Moore wins face-off versus Brayden Schenn in Avalanche zone.
6:32 of 2nd period - Wrist shot by Marc Staal.
6:32 of 2nd period - Stopped by Antti Niemi without a rebound.
6:33 of 2nd period - Bryan Little wins face-off versus Brayden Schenn in Panthers zone.
6:36 of 2nd period - Wrist shot by Bryan Little.
6:36 of 2nd period - Stopped by Antti Niemi with a rebound.
6:38 of 2nd period - Wrist shot by Pernell Karl Subban.
6:38 of 2nd period - Shot Misses the Net.
6:40 of 2nd period - Slapshot by Bryan Little.
6:40 of 2nd period - Shot Misses the Net.
6:42 of 2nd period - Slapshot by Pernell Karl Subban.
6:42 of 2nd period - Shot Blocked by Radko Gudas.
6:44 of 2nd period - Snap shot by Mikkel Boedker.
6:44 of 2nd period - Shot Blocked by Tomas Kopecky.
7:01 of 2nd period - Minor Penalty to Radko Gudas for Hooking.
7:02 of 2nd period - Bryan Little wins face-off versus Erik Christensen in Panthers zone.
8:28 of 2nd period - Icing by Jack Johnson.
8:29 of 2nd period - Alexander Perezhogin wins face-off versus Paul Stastny in Avalanche zone.
8:32 of 2nd period - Snap shot by Alex Galchenyuk.
8:32 of 2nd period - Shot Misses the Net.
8:34 of 2nd period - Slapshot by Alex Galchenyuk.
8:34 of 2nd period - Shot Misses the Net.
9:01 of 2nd period - Penalty to Radko Gudas is over, Radko Gudas is back on ice.
9:16 of 2nd period - Snap shot by Jean-Gabriel Pageau.
9:16 of 2nd period - Shot Hit the Post.
9:32 of 2nd period - Slapshot by Erik Gudbranson.
9:32 of 2nd period - Goal by Erik Gudbranson - Panthers : 3 - Avalanche : 2.
9:33 of 2nd period - Brayden Schenn wins face-off versus Bryan Little in neutral zone.
9:38 of 2nd period - Wrist shot by Brayden Schenn.
9:38 of 2nd period - Shot Blocked by Jack Johnson.
10:00 of 2nd period - Andrei Kostitsyn is hit by Jean-Gabriel Pageau and loses puck.
10:07 of 2nd period - Snap shot by Jean-Gabriel Pageau.
10:07 of 2nd period - Stopped by Semyon Varlamov without a rebound.
10:08 of 2nd period - Jean-Gabriel Pageau wins face-off versus Paul Stastny in Avalanche zone.
10:13 of 2nd period - Slapshot by Daniel Sedin.
10:13 of 2nd period - Goal by Daniel Sedin - Panthers : 4 - Avalanche : 2.
10:13 of 2nd period - Roberto Luongo enters game.
10:14 of 2nd period - Bryan Little wins face-off versus Brayden Schenn in neutral zone.
10:21 of 2nd period - Snap shot by Bryan Little.
10:21 of 2nd period - Shot Misses the Net.
10:43 of 2nd period - Icing by Jonathan Sigalet.
10:44 of 2nd period - Jean-Gabriel Pageau wins face-off versus Paul Stastny in Panthers zone.
11:01 of 2nd period - Snap shot by Daniel Sedin.
11:01 of 2nd period - Shot Misses the Net.
11:22 of 2nd period - Slapshot by Paul Stastny.
11:22 of 2nd period - Stopped by Antti Niemi with a rebound.
11:32 of 2nd period - Slapshot by Andrei Kostitsyn.
11:32 of 2nd period - Stopped by Antti Niemi with a rebound.
11:34 of 2nd period - Wrist shot by Alexander Radulov.
11:34 of 2nd period - Shot Misses the Net.
11:36 of 2nd period - Slapshot by Marc Staal.
11:36 of 2nd period - Stopped by Antti Niemi without a rebound.
11:37 of 2nd period - Bryan Little wins face-off versus Brayden Schenn in Panthers zone.
11:46 of 2nd period - Snap shot by Bryan Little.
11:46 of 2nd period - Stopped by Antti Niemi with a rebound.
11:48 of 2nd period - Slapshot by Patric Hornqvist.
11:48 of 2nd period - Deflect By Mikkel Boedker.
11:48 of 2nd period - Stopped by Antti Niemi with a rebound.
11:50 of 2nd period - Snap shot by Pernell Karl Subban.
11:50 of 2nd period - Shot Misses the Net.
11:52 of 2nd period - Slapshot by Jack Johnson.
11:52 of 2nd period - Stopped by Antti Niemi with a rebound.
11:54 of 2nd period - Snap shot by Mikkel Boedker.
11:54 of 2nd period - Goal by Mikkel Boedker - Panthers : 4 - Avalanche : 3.
11:55 of 2nd period - Bryan Little wins face-off versus Brayden Schenn in neutral zone.
12:20 of 2nd period - Erik Gudbranson is hit by Brandon Yip.
12:24 of 2nd period - Slapshot by Brandon Yip.
12:24 of 2nd period - Shot Blocked by Jean-Gabriel Pageau.
12:27 of 2nd period - Icing by Erik Gudbranson.
12:28 of 2nd period - Greg Campbell wins face-off versus Jean-Gabriel Pageau in Panthers zone.
12:29 of 2nd period - Snap shot by Brandon Yip.
12:29 of 2nd period - Stopped by Antti Niemi without a rebound.
12:30 of 2nd period - Greg Campbell wins face-off versus Brayden Schenn in Panthers zone.
13:17 of 2nd period - Wrist shot by Eric Wellwood.
13:17 of 2nd period - Stopped by Roberto Luongo with a rebound.
13:19 of 2nd period - Wrist shot by Eric Wellwood.
13:19 of 2nd period - Goal by Eric Wellwood - Panthers : 5 - Avalanche : 3.
13:20 of 2nd period - Brayden Schenn wins face-off versus Bryan Little in neutral zone.
13:31 of 2nd period - Wrist shot by Kyle Clifford.
13:31 of 2nd period - Shot Misses the Net.
13:47 of 2nd period - Mike Komisarek is hit by Brandon Yip and loses puck.
14:14 of 2nd period - Wrist shot by Daniel Sedin.
14:14 of 2nd period - Stopped by Roberto Luongo with a rebound.
14:16 of 2nd period - Wrist shot by Drew Stafford.
14:16 of 2nd period - Stopped by Roberto Luongo without a rebound.
14:17 of 2nd period - Patric Hornqvist wins face-off versus Brayden Schenn in Avalanche zone.
14:57 of 2nd period - Johnny Boychuk is hit by Matthew Spiller and loses puck.
15:08 of 2nd period - Greg Campbell is hit by Patrick Eaves and loses puck.
15:26 of 2nd period - Greg Campbell is hit by Erik Christensen and loses puck.
15:37 of 2nd period - Alex Galchenyuk is hit by Brandon Yip and loses puck.
15:46 of 2nd period - Erik Christensen is hit by Andrew Ladd and loses puck.
16:02 of 2nd period - Minor Penalty to Greg Campbell for Unsportsmanlike conduct.
16:03 of 2nd period - Brayden Schenn wins face-off versus Dominic Moore in Avalanche zone.
16:37 of 2nd period - Snap shot by Matthew Spiller.
16:37 of 2nd period - Deflect By Drew Stafford.
16:37 of 2nd period - Goal by Drew Stafford - Panthers : 6 - Avalanche : 3.
16:38 of 2nd period - Brayden Schenn wins face-off versus Bryan Little in neutral zone.
16:43 of 2nd period - Snap shot by Brayden Schenn.
16:43 of 2nd period - Shot Misses the Net.
16:45 of 2nd period - Snap shot by Kyle Clifford.
16:45 of 2nd period - Shot Misses the Net.
17:05 of 2nd period - Tomas Kopecky is hit by Andrew Ladd and loses puck.
17:18 of 2nd period - Snap shot by Kyle Clifford.
17:18 of 2nd period - Shot Misses the Net.
18:09 of 2nd period - Icing by Mike Weber.
18:10 of 2nd period - Zach Boychuk wins face-off versus Erik Christensen in Panthers zone.
18:16 of 2nd period - Minor Penalty to Patrick Eaves for Holding Stick.
18:17 of 2nd period - Bryan Little wins face-off versus Erik Christensen in Panthers zone.
18:21 of 2nd period - Wrist shot by Bryan Little.
18:21 of 2nd period - Shot Misses the Net.
18:23 of 2nd period - Wrist shot by Mikkel Boedker.
18:23 of 2nd period - Stopped by Antti Niemi with a rebound.
18:25 of 2nd period - Wrist shot by Mikkel Boedker.
18:25 of 2nd period - Deflect By Patric Hornqvist.
18:25 of 2nd period - Stopped by Antti Niemi without a rebound.
18:26 of 2nd period - Bryan Little wins face-off versus Erik Christensen in Panthers zone.
19:11 of 2nd period - Wrist shot by Bryan Little.
19:11 of 2nd period - Stopped by Antti Niemi with a rebound.
Goals for this period are 5 for Panthers vs 1 for Avalanche.
Shots for this period are 11 for Panthers vs 17 for Avalanche.

3rd period


0:01 of 3rd period - Erik Christensen wins face-off versus Bryan Little in neutral zone.
0:08 of 3rd period - Backhand shot by Erik Christensen.
0:08 of 3rd period - Shot Blocked by Mikkel Boedker.
0:16 of 3rd period - Penalty to Patrick Eaves is over, Patrick Eaves is back on ice.
0:26 of 3rd period - Brayden Schenn is hit by Alexander Radulov and loses puck.
0:33 of 3rd period - Backhand shot by Paul Stastny.
0:33 of 3rd period - Stopped by Antti Niemi without a rebound.
0:34 of 3rd period - Brayden Schenn wins face-off versus Bryan Little in Panthers zone.
0:43 of 3rd period - Wrist shot by Tomas Kopecky.
0:43 of 3rd period - Shot Blocked by Mikkel Boedker.
1:34 of 3rd period - Johnny Boychuk is hit by Alexander Perezhogin and loses puck.
1:41 of 3rd period - Slapshot by Dan Boyle.
1:41 of 3rd period - Shot Misses the Net.
2:34 of 3rd period - Slapshot by Andrew Ladd.
2:34 of 3rd period - Stopped by Antti Niemi without a rebound.
2:35 of 3rd period - Greg Campbell wins face-off versus Brayden Schenn in Panthers zone.
2:38 of 3rd period - Snap shot by Andrew Ladd.
2:38 of 3rd period - Stopped by Antti Niemi with a rebound.
3:12 of 3rd period - Snap shot by Mike Komisarek.
3:12 of 3rd period - Goal by Mike Komisarek - Panthers : 7 - Avalanche : 3.
3:13 of 3rd period - Brayden Schenn wins face-off versus Bryan Little in neutral zone.
3:19 of 3rd period - Minor Penalty to Tomas Kopecky for High sticking.
3:20 of 3rd period - Bryan Little wins face-off versus Erik Christensen in Panthers zone.
3:46 of 3rd period - Wrist shot by Paul Stastny.
3:46 of 3rd period - Stopped by Antti Niemi with a rebound.
5:01 of 3rd period - Jean-Gabriel Pageau is hit by Andrei Kostitsyn.
5:19 of 3rd period - Penalty to Tomas Kopecky is over, Tomas Kopecky is back on ice.
5:21 of 3rd period - Erik Gudbranson is hit by Jack Johnson and loses puck.
5:50 of 3rd period - Brandon Yip is hit by Brayden Schenn and loses puck.
6:13 of 3rd period - Slapshot by Andrew Ladd.
6:13 of 3rd period - Stopped by Antti Niemi with a rebound.
6:15 of 3rd period - Wrist shot by Greg Campbell.
6:15 of 3rd period - Shot Misses the Net.
6:43 of 3rd period - Wrist shot by Greg Campbell.
6:43 of 3rd period - Shot Blocked by Daniel Sedin.
6:45 of 3rd period - Wrist shot by Greg Campbell.
6:45 of 3rd period - Shot Misses the Net.
6:47 of 3rd period - Snap shot by Greg Campbell.
6:47 of 3rd period - Shot Misses the Net.
6:49 of 3rd period - Wrist shot by Greg Campbell.
6:49 of 3rd period - Stopped by Antti Niemi without a rebound.
6:50 of 3rd period - Brayden Schenn wins face-off versus Bryan Little in Panthers zone.
6:55 of 3rd period - Slapshot by Erik Gudbranson.
6:55 of 3rd period - Deflect By Tomas Kopecky.
6:55 of 3rd period - Shot Misses the Net.
6:55 of 3rd period - Puck is out of play.
6:56 of 3rd period - Brayden Schenn wins face-off versus Mikkel Boedker in Avalanche zone.
7:38 of 3rd period - Snap shot by Jonathan Matsumoto.
7:38 of 3rd period - Shot Blocked by Jack Johnson.
7:51 of 3rd period - Snap shot by Mikkel Boedker.
7:51 of 3rd period - Shot Misses the Net.
7:53 of 3rd period - Snap shot by Mikkel Boedker.
7:53 of 3rd period - Shot Misses the Net.
7:55 of 3rd period - Slapshot by Patric Hornqvist.
7:55 of 3rd period - Stopped by Antti Niemi with a rebound.
9:04 of 3rd period - Pernell Karl Subban is hit by Alexander Perezhogin and loses puck.
9:26 of 3rd period - Icing by Erik Gudbranson.
9:27 of 3rd period - Paul Stastny wins face-off versus Jonathan Matsumoto in Panthers zone.
9:42 of 3rd period - Slapshot by Eric Wellwood.
9:42 of 3rd period - Shot Misses the Net.
9:52 of 3rd period - Eric Wellwood is hit by Greg Campbell and loses puck.
10:04 of 3rd period - Minor Penalty to Brandon Yip for Interference.
10:05 of 3rd period - Dominic Moore wins face-off versus Brayden Schenn in Avalanche zone.
10:05 of 3rd period - Dominic Moore is hit by Brayden Schenn.
12:04 of 3rd period - Penalty to Brandon Yip is over, Brandon Yip is back on ice.
15:23 of 3rd period - Erik Christensen is hit by Mikkel Boedker and loses puck.
17:23 of 3rd period - Mike Weber is hit by Patric Hornqvist and loses puck.
18:28 of 3rd period - Mike Weber is hit by Johnny Boychuk and loses puck.
18:43 of 3rd period - Radko Gudas is hit by Patric Hornqvist and loses puck.
19:02 of 3rd period - Mike Weber is hit by Greg Campbell.
19:06 of 3rd period - Jay Bouwmeester is hit by Erik Christensen and loses puck.
19:24 of 3rd period - Johnny Boychuk is hit by Mike Komisarek and loses puck.
19:31 of 3rd period - Snap shot by Kyle Clifford.
19:31 of 3rd period - Deflect By Zach Boychuk.
19:31 of 3rd period - Shot Blocked by Johnny Boychuk.
19:31 of 3rd period - Puck is out of play.
19:32 of 3rd period - Bryan Little wins face-off versus Brayden Schenn in Avalanche zone.
19:55 of 3rd period - Minor Penalty to Brayden Schenn for Roughing.
19:56 of 3rd period - Bryan Little wins face-off versus Erik Christensen in Panthers zone.
Goals for this period are 1 for Panthers vs 0 for Avalanche.
Shots for this period are 1 for Panthers vs 7 for Avalanche.